 Dungeon Crawl Stone Soup version 0.29-a0-284-gf9362112df (webtiles) character file.

Game seed: 590419663402999580

49 silky the Cudgeller (level 3, -2/34 HPs)
             Began as a Minotaur Chaos Knight on Mar 31, 2022.
             Was a Plaything of Xom.
             Slain by a gnoll
             ... wielding a +0 spear
              (4 damage)
             ... on level 2 of the Dungeon.
             The game lasted 00:03:08 (885 turns).

silky the Cudgeller (Minotaur Chaos Knight)          Turns: 885, Time: 00:03:09

Health: -2/34      AC:  9    Str: 24    XL:     3   Next: 53%
Magic:  2/2        EV:  8    Int:  9    God:    Xom [..*...]
Gold:   49         SH:  0    Dex:  9    Spells: 2/2 levels left

rFire   . . .      SeeInvis .   a - +0 mace (chaos)
rCold   . . .      Faith    .   (no shield)
rNeg    . . .      Spirit   .   g - +0 chain mail
rPois   .          Reflect  .   (helmet restricted)
rElec   .          Harm     .   (no cloak)
rCorr   .          Rampage  .   (no gloves)
Will    .....                   (no boots)
Stlth   ..........              (no amulet)
HPRegen 0.11/turn               h - +6 ring of strength
MPRegen 0.08/turn               (no ring)

@: no status effects
A: horns 2, retaliatory headbutt
a: Renounce Religion


You were on level 2 of the Dungeon.
You worshipped Xom.
You were a toy of Xom.
You visited 1 branch of the dungeon, and saw 2 of its levels.

You collected 49 gold pieces.

Inventory:

Hand Weapons
 a - a +0 mace of chaos (weapon)
Armour
 g - a +0 chain mail (worn)
Jewellery
 h - a +6 ring of strength (left hand)
 m - a ring of protection from fire
Scrolls
 b - 2 scrolls of immolation
 i - a scroll of blinking
 j - a scroll of torment
Potions
 d - a potion of mutation {unknown}
 e - 2 potions of invisibility {unknown}
 f - a potion of berserk rage
 k - 3 potions of curing {unknown}
 l - a potion of flight {unknown}
Miscellaneous
 c - a piece from Xom's chessboard (13/15) (quivered)


   Skills:
 + Level 4.3 Fighting
 + Level 4.6 Maces & Flails
 + Level 2.9 Armour
 + Level 1.2 Dodging


You had 2 spell levels left.
You didn't know any spells.
Your spell library contained the following spells:

 Spells                   Type           Power      Damage    Failure   Level
 Foxfire                  Conj/Fire      0%         2x1d4     97%         1
 Corpse Rot               Necr/Air       0%         N/A       99%         2
 Conjure Flame            Conj/Fire      0%         6-21      100%        3
 Inner Flame              Hex/Fire       0%         N/A       100%        3
 Dispel Undead            Necr           0%         3d6       100%        4
 Flame Wave               Conj/Fire      0%         2d4       100%        4
 Death Channel            Necr           0%         N/A       100%        6


Dungeon Overview and Level Annotations

Branches:
Dungeon (2/15)

Altars:
Okawaru

Shops:
D:2 *


Innate Abilities, Weirdness & Mutations

You have a pair of horns on your head.
You reflexively headbutt those who attack you in melee.


Message History

There is an open door here.
The endoplasm freezes you.
You are frozen.
You sock the endoplasm! You burn the endoplasm.
You kill the endoplasm!
A gnoll comes into view. It is wielding a +0 flail.
The gnoll shouts!
A gnoll comes into view. It is wielding a +0 spear.
A gnoll comes into view. It is wielding a +0 halberd.
A gnoll comes into view. It is wielding a +0 spear.
The gnoll shouts! x3; You hear an angry hiss.
You make a move on Xom's chessboard...
The gnoll appears confused.
A ball python comes into view.
You make a move on Xom's chessboard...
The gnoll seems to speed up.
The ball python hisses angrily.
The gnoll hits the gnoll with a +0 spear.
You closely miss the gnoll. Your headbutt misses the gnoll.
The gnoll closely misses you. The gnoll barely misses you.
You hit the gnoll. You drain the gnoll.
The gnoll is heavily wounded.
The gnoll hits you but does no damage. The gnoll hits you with a +0 flail.
The gnoll hits you from afar with a +0 halberd.
The gnoll hits you but does no damage. The gnoll closely misses you.
The gnoll completely misses you.
The gnoll hits the gnoll but does no damage.
You thump the gnoll!
You kill the gnoll!
The gnoll hits you from afar with a +0 spear.
The gnoll barely misses the gnoll.
The gnoll hits itself with a +0 spear.
The gnoll hits you from afar with a +0 halberd.
You barely miss the ball python. You headbutt the ball python.
You kill the ball python!
The gnoll hits you but does no damage.
The gnoll hits you from afar with a +0 spear!
The gnoll hits you from afar with a +0 halberd!
* * * LOW HITPOINT WARNING * * *
Your piece from Xom's chessboard (13/15) has regained one charge.
The gnoll hits you from afar with a +0 spear.
You die...
Xom cackles wildly!

.........#.#..##.....#
####..####.#..##.....#
##.###......##.....#
#.[.##......##.....#
#...##......##.....#
###...##......##g....####
.......'.†..>.##gg.......
..###.##......##)....#
..# #.##......##@#+###
..# #.#....##.##.#.#
#####.#...###'##.#.#
...........#...#.#.#
...........#...'.#.#
.(.........#...#...#
...........#...#'#####
...........#.........#
...........###.......#


You could see 3 gnolls.

Vanquished Creatures
  An adder (D:2)
  A gnoll (D:2)
  A worm (D:2)
  A dart slug (D:1)
  4 endoplasms
  A giant cockroach (D:2)
  3 goblins (D:1)
  4 hobgoblins
  3 kobolds
  2 ball pythons (D:2)
  A bat (D:2)
  A frilled lizard (D:2)
  2 rats (D:2)
25 creatures vanquished.

Notes
Turn   | Place    | Note
-------+----------+-------------------------------------------
     0 | D:1      | silky the Minotaur Chaos Knight began the quest for the
                  | Orb.
     0 | D:1      | Reached XP level 1. HP: 19/19 MP: 0/0
   265 | D:1      | Reached XP level 2. HP: 22/27 MP: 1/1
   512 | D:2      | Found Mibbir's Assorted Antiques.
   570 | D:2      | Found an iron altar of Okawaru.
   695 | D:2      | Reached XP level 3. HP: 33/33 MP: 2/2
   885 | D:2      | Slain by a gnoll

Illustrated notes

Levels and vault maps discovered:
D:1:      nicolae_arrival_memento_mori, layout_rooms
D:2:      layout_basic, serial_shops, nicolae_shop_crystal, basic_altar,
          minmay_pentomino_p4

Skill      XL: |  1  2 |
---------------+-------+-----
Maces & Flails | 4 |  4.6
Fighting       | 4 |  4.3
Armour         | |  2.9
Dodging        | |  1.2

Action                   || total
-------------------------++-------
Melee: Mace              ||    52
       Headbutt          ||     6
Evoke: Piece from Xom's  ||     4
  Use: Scroll            ||     4
Armor: Leather armour    ||     2
       Chain mail        ||    19
Dodge: Dodged            ||    25

Table legend: (Time is in decaauts)
 A = Elapsed time spent in this place.
 B = Non-inter-level travel time spent in this place.
 C = Inter-level travel time spent in this place.
 D = Time resting spent in this place.
 E = Time spent auto-exploring this place.
 F = Levels seen in this place.
 G = Mean time per level.
                   A        B        C        D        E       F      G
               +--------+--------+--------+--------+--------+-----+--------+
         Total |    894 |    866 |     28 |      0 |    562 |   2 |  447.0 |
       Dungeon |    894 |    866 |     28 |      0 |    562 |   2 |  447.0 |
               +--------+--------+--------+--------+--------+-----+--------+

Top non-repeatable levels by time:
     D:1: 516 daAuts
     D:2: 378 daAuts
